 Dungeon Crawl Stone Soup version 0.30.0 (webtiles) character file.

Game seed: 16328638958564840976

52 workbot the Merchant of Misery (level 4, -2/22 (30) HPs)
             Began as a Human Necromancer on May 5, 2023.
             Was a Believer of Kikubaaqudgha.
             Slain by Robin
             ... wielding a +1 trident of flaming
              (4 damage)
             ... on level 2 of the Dungeon.
             The game lasted 00:10:03 (1733 turns).

workbot the Merchant of Misery (Human Necromancer)  Turns: 1733, Time: 00:10:05

HP:   -2/22 (30)    AC:  2    Str:  8    XL:     4   Next: 8%
MP:   2/16          EV: 12    Int: 17    God:    Kikubaaqudgha [**....]
Gold: 105           SH:  0    Dex: 14    Spells: 5/8 levels left

rFire   + . .        c - +1 whip (elec)
rCold   + . .        (no shield)
rNeg    . . .        a - +0 robe
rPois   +            (no helmet)
rElec   +            (no cloak)
rCorr   +            (no gloves)
SInv    .            (no boots)
Will    .....        (no amulet)
Stlth   ++           k - ring of magical power
HPRegen 0.23/turn    d - ring of flight
MPRegen 0.15/turn

%: no passive effects
@: resistant, flying, very slightly contaminated, very heavily drained
A: no striking features
a: Renounce Religion, Unearth Wretches


You were on level 2 of the Dungeon.
You worshipped Kikubaaqudgha.
Kikubaaqudgha was pleased with you.
You visited 1 branch of the dungeon, and saw 2 of its levels.

You collected 105 gold pieces.

Inventory:

Hand Weapons
 c - a +1 whip of electrocution (weapon)
Armour
 a - a +0 robe (worn)
Jewellery
 d - a ring of flight (right hand)
 f - a ring of protection from fire
 k - a ring of magical power (left hand)
Potions
 b - a potion of magic
 g - a potion of might


   Skills:
 - Level 2.0 Dodging
 - Level 2.0 Stealth
 + Level 2.6 Spellcasting
 * Level 5.0 Necromancy


You had 5 spell levels left.
You knew the following spells:

 Your Spells              Type           Power      Damage    Failure   Level
a - Necrotise             Necr           76%        1d7       2%          1
b - Cigotuvi's Dreadful   Necr/Pois/Air  14%        N/A       14%         2

Your spell library contained the following spells:

 Spells                   Type           Power      Damage    Failure   Level
 Kiss of Death            Conj/Necr      40%        2d8       6%          1
 Vampiric Draining        Necr           19%        2d7       7%          3
 Animate Dead             Necr           19%        N/A       22%         4
 Agony                    Necr           19%        N/A       54%         5
 Iskenderun's Battlesphe  Conj           2%         2d6       99%         5
 Iron Shot                Conj/Erth      1%         9d1       100%        6
 Spellforged Servitor     Conj/Summ      1%         N/A       100%        7


Dungeon Overview and Level Annotations

Branches:
Dungeon (2/15)

Altars:
Kikubaaqudgha

Annotations:
D:2 Robin


Message History

Robin burns your hobgoblin skeleton.
Your hobgoblin skeleton is destroyed!
The hobgoblin misses you.
Robin shouts!
There is an open door here.
Casting: Necrotise (safe; 2% risk of failure)
Confirm with . or Enter, or press ? or * to list all spells.
You miscast Cigotuvi's Dreadful Rot.
You are very lightly contaminated with residual magic.
Nothing appears to happen.
Robin misses you. The hobgoblin hits you.
The hobgoblin attacks as you move away! The hobgoblin misses you.
Robin hits you from afar with a +1 trident of flaming!
* * * LOW HITPOINT WARNING * * *
Robin burns you.
* * * LOW HITPOINT WARNING * * *
Casting: Cigotuvi's Dreadful Rot (safe; 14% risk of failure)
Confirm with . or Enter, or press ? or * to list all spells.
Aiming: Necrotise (safe; 2% risk of failure)
Press: ? - help, Shift-Dir - straight line, f - hobgoblin, p - Robin
Aim: a hobgoblin (strong, chance to affect: 89%)
The hobgoblin writhes in agony!
You kill the hobgoblin!
Kikubaaqudgha accepts your kill.
The dead are walking!
Robin hits you from afar with a +1 trident of flaming.
* * * LOW HITPOINT WARNING * * *
Robin burns you.
* * * LOW HITPOINT WARNING * * *
You feel protected. Robin barely misses you.
Your hobgoblin skeleton hits Robin.
Casting: Necrotise (safe; 2% risk of failure)
Confirm with . or Enter, or press ? or * to list all spells.
Aiming: Necrotise (safe; 2% risk of failure)
Press: ? - help, Shift-Dir - straight line, f - Robin
Aim: Robin, wielding a +1 trident of flaming, wearing a +0 animal skin and wearing a +0 helmet (severely wounded, ally target, chance to affect: 84%) Robin barely resists.
Robin hits you from afar with a +1 trident of flaming.
You die...
Kikubaaqudgha rasps: "You have failed me!
Welcome... death!"

.######.#...#.........
............##.###.#######
###............†..<.......
#.###.....##############
#...........ggg.g
#.....#...###
##..####...##### #..##
#...#...## ###.##
#..)'g.@.# .##.#
####.#.#Z)..# .##.#
#...†#.#....###### )##.#
#.##†#.#.......... .##.#
#.#..#.#...######## .##.#
#.#..#.####.)...... .#..#
#.#..#.####.####### .#.##
#.##.#........# .#.#
#.####........#


You could see Robin (ally target) and a friendly hobgoblin skeleton.

Vanquished Creatures
  A dart slug (D:1)
  3 endoplasms (D:1)
  3 giant cockroaches
  5 hobgoblins
  3 jackals (D:2)
  5 kobolds
  3 quokkas
  3 ball pythons
  5 bats
  3 frilled lizards
  7 goblins
  A rat (D:2)
42 creatures vanquished.

Vanquished Creatures (collateral kills)
  2 endoplasms (D:1)
  A jackal (D:2)
3 creatures vanquished.

Grand Total: 45 creatures vanquished

Notes
Turn   | Place    | Note
-------+----------+-------------------------------------------
     0 | D:1      | workbot the Human Necromancer began the quest for the Orb.
     0 | D:1      | Reached XP level 1. HP: 13/13 MP: 3/3
   199 | D:1      | Reached XP level 2. HP: 17/19 MP: 0/5
   530 | D:1      | Found a faded altar of an unknown god.
   554 | D:1      | Prayed at the altar of an unknown god.
   554 | D:1      | Became a worshipper of Kikubaaqudgha
   554 | D:1      | Reached * piety under Kikubaaqudgha
   554 | D:1      | Received a gift from Kikubaaqudgha
   561 | D:1      | Learned a level 2 spell: Cigotuvi's Dreadful Rot
   876 | D:1      | Reached XP level 3. HP: 20/22 MP: 6/6
  1659 | D:2      | Reached ** piety under Kikubaaqudgha
  1700 | D:2      | Noticed Robin
  1712 | D:2      | Reached XP level 4. HP: 22/22 MP: 7/7
  1721 | D:2      | Reached skill level 5 in Necromancy
  1729 | D:2      | HP: 1/22 [Robin/+1 trident of flaming (1)]
  1733 | D:2      | Slain by Robin

Illustrated notes

Levels and vault maps discovered:
D:1:      mrwooster_arrival_statue_2, layout_loops_corners,
          hellmonk_ecumenical_altar_slurped_away, minmay_curled_crystal,
          chequers_serial_rivers_room_b, hex_medium
D:2:      layout_basic, uniq_robin

Skill      XL: |  1  2  3  4 |
---------------+-------------+-----
Necromancy     | 5 |  5.0
Dodging        | |  2.0
Stealth        | |  2.0
Spellcasting   | |  2.6

Action                     |  1- 3 |  4- 6 || total
---------------------------+-------+-------++-------
  Melee: Whip              |    25 |     1 ||    26
         Punch             |     1 |       ||     1
   Cast: Necrotise         |    63 |     8 ||    71
         Cigotuvi's Dreadf |     5 |       ||     5
    Use: Potion            |     4 |     1 ||     5
         Scroll            |     4 |       ||     4
   Stab: Distracted        |     1 |       ||     1
 Armour: Robe              |    16 |     1 ||    17
  Dodge: Dodged            |    50 |    14 ||    64
